AoeStats
← meditator27

Lombardia

507036195Analyzed
4v4 RM · 14d ago on Sep 16, 2026· 18m 50s· 8 players
Game mode
Random Map
Map size
Large (8 player)
Population
200
Speed
Normal
Resources
Standard
Victory
Conquest
Starting age
Dark Age
Ending age
Imperial Age
RankedLock teamsTeams togetherTeam positionsShared explorationLock speedFull tech treeHidden civsTurbo modeCheats
Victory
Defeat
🇲🇽 Portuguese · Mexico
1352
+15
🇹🇼 Franks · Taiwan
1290
+17
🇹🇷 Tatars · Türkiye
1247
+19
🇨🇳 Malay · China
1181
+22
🇫🇷 Sicilians · France
1381
-21
🇺🇸 Dravidians · United States
1372
-20
🇫🇮 Mapuche · Finland
1312
-18
🇦🇺 Italians · Australia
1203
-14
RedKing
7:14 Loom
10:04 Feudal Age
10:57 Double-Bit Axe
12:17 Scale Barding Armor
13:34 Horse Collar
16:55 Forging
20:26 Castle Age
Marsman3354
9:07 Loom
11:09 Feudal Age
15:36 Castle Age
14:51 Double-Bit Axe
15:01 Horse Collar
19:05 Heavy Plow
meditator27
9:42 Feudal Age
10:05 Loom
10:21 Double-Bit Axe
20:11 Castle Age
🍌
5:21 Loom
8:34 Feudal Age
14:32 Double-Bit Axe
15:44 Man-at-Arms
Carleo_Intestin
8:10 Loom
10:28 Feudal Age
11:09 Double-Bit Axe
11:06 Horse Collar
15:39 Forging
The REAL Pepsiman
10:54 Feudal Age
13:11 Double-Bit Axe
15:29 Castle Age
13:59 Double-Bit Axe
SirBro
7:28 Loom
7:32 Loom
10:31 Feudal Age
16:13 Double-Bit Axe
16:09 Horse Collar
21:22 Castle Age
Alicat
8:43 Feudal Age
10:05 Double-Bit Axe
13:51 Loom
14:28 Forging
15:50 Scale Mail Armor
Connection lost

Rejoining the realm…

Still unreachable

The connection could not be restored.

Session expired

The server has moved on; the page needs a fresh start.